 Dungeon Crawl Stone Soup version 0.20-a0-983-g35de22d (webtiles) character file.

11 M4edhros the Changer (level 2, -4/14 HPs)
             Began as a Spriggan Transmuter on Apr 10, 2017.
             Slain by an adder (5 damage)
             ... on level 3 of the Dungeon.
             The game lasted 00:02:07 (203 turns).

M4edhros the Changer (Spriggan Transmuter)           Turns: 203, Time: 00:02:08

Health: -4/14      AC:  2    Str:  4    XL:     2   Next: 17%
Magic:  3/6        EV: 18    Int: 14    God:
Gold:   0          SH:  0    Dex: 16    Spells: 3/6 levels left

rFire    . . .     SeeInvis +     - Unarmed
rCold    . . .     Gourm    .   (shield restricted)
rNeg     . . .     Faith    .   b - +0 robe
rPois    .         Spirit   .   (helmet restricted)
rElec    .         Reflect  .   (no cloak)
rCorr    .         Harm     .   (gloves unavailable)
MR       .....                  (boots unavailable)
Stlth    +.........             (no amulet)
Regen    0.1/turn               (no ring)
MPRegen  0.1/turn               (no ring)

@: very slightly contaminated, very quick
A: unfitting armour, antennae 1, talons 1, see invisible, herbivore 3, speed 3,
slow metabolism 2, weak 1
a: no special abilities


You were on level 3 of the Dungeon.
You were not hungry.

You visited 1 branch of the dungeon, and saw 3 of its levels.

Inventory:

Missiles
 a - 11 arrows
Armour
 b - a +0 robe (worn)
Scrolls
 f - a scroll of remove curse
 h - a scroll of blinking
 i - a scroll of teleportation {unknown}
Books
 c - a book of Changes

   Spells                             Type                      Level
   a - Beastly Appendage              Transmutation                1
   b - Sticks to Snakes               Transmutation                2
   c - Spider Form                    Transmutation/Poison         3
   d - Ice Form                       Ice/Transmutation            4
   e - Blade Hands                    Transmutation                5
Comestibles
 d - a bread ration


   Skills:
 - Level 0.7 Fighting
 - Level 3.0 Dodging
 + Level 2.6 Unarmed Combat
 - Level 2.6 Spellcasting
 * Level 3.5 Transmutations


You had 3 spell levels left.
You knew the following spells:

 Your Spells              Type           Power        Failure   Level  Hunger
a - Beastly Appendage     Tmut           ##....       6%          1    #......
b - Sticks to Snakes      Tmut           ##......     10%         2    ###....


Dungeon Overview and Level Annotations

Branches:
Dungeon (3/15)

Altars:


Innate Abilities, Weirdness & Mutations

You are very small and have problems with some larger weapons.
You are too small for most types of armour.
You have supernaturally acute eyesight. (SInv)
You are a herbivore.
You cover ground extremely quickly.
You need consume almost no food.
You have a pair of small antennae on your head.
You have sharp toenails.
You are weak. (Str -2)


Message History

Okay, then.
As you read the scroll labeled AJOUC EBBIKAOQIUT, it crumbles to dust.
You feel blessed for a moment.
It was a scroll of remove curse.
As you read the scroll labeled DIMPA JATH, it crumbles to dust.
It is a scroll of recharging.
You aren't carrying any rechargeable items.
The orc closely misses you. The quokka barely misses you.
The ooze jiggles.
The ooze hits you but does no damage.
As you read the scroll labeled MUOZXOA DYENYI, it crumbles to dust.
The creatures around you are filled with an inner flame!
It was a scroll of immolation.
The orc barely misses you. The quokka misses you. The ooze closely misses you.
Blink to where?
Press: ? - help, Dir - move target cursor You are very lightly contaminated with residual magic.
As you read the scroll labeled IQOKUY AHAOB, it crumbles to dust.
It was a scroll of blinking.
The adder bites you.
You die...

#.##.#.##........
####.##......##.#.##
######....####.#####....o
.....<....####.#####o#...
######.......o.r.....####
##.#####.#####...#
##....##. #...#
##o.##.##. #...#
########.#.@..##.# #...#
#.....###o.S.....# #...#
#..o..###.###.###.. .....
#.J.r..o...# ... .......
#.....###.## ### .
#.....# ### #######


You could see an orc wizard (inner flame), an adder and 2 orcs.

Vanquished Creatures
  An adder (D:3)
  2 bats
  A kobold (D:2)
4 creatures vanquished.

Notes
Turn   | Place    | Note
-------+----------+-------------------------------------------
     0 | D:1      | M4edhros the Spriggan Transmuter began the quest for the Orb.
     0 | D:1      | Reached XP level 1. HP: 9/9 MP: 5/5
   127 | D:3      | Reached XP level 2. HP: 5/14 MP: 4/6
   141 | D:3      | Gained mutation: You have sharp toenails. [potion of mutation]
   141 | D:3      | Gained mutation: You are weak. (Str -2) [potion of mutation]
   141 | D:3      | Gained mutation: You have a pair of small antennae on your head. [potion of mutation]
   188 | D:3      | Learned a level 2 spell: Sticks to Snakes
   203 | D:3      | Slain by an adder

Vault maps used:
D:1:      dpeg_arrival_arbitrary_b, glass_columns_b
D:2:      zin_statuary, overflow_temple_1_default, overflow_temple_1_default,
          uniq_terence, uniq_jessica
D:3:      kb_xom_exploding_sheep, gammafunk_temple_overflow_elements,
          lemuel_coloured_pillars_altar, first_bread

Skill      XL: |  1 |
---------------+----+-----
Transmutations | 3 |  3.5
Fighting       | |  0.7
Dodging        | |  3.0
Unarmed Combat | |  2.6
Spellcasting   | |  2.6

Action                   || total
-------------------------++-------
Melee: Unarmed           ||    26
       Headbutt          ||     2
       Kick              ||     3
 Cast: Beastly Appendage ||     3
       Sticks to Snakes  ||     2
  Use: Potion            ||     2
       Scroll            ||     4
Armor: Robe              ||     7
Dodge: Dodged            ||    55
